 Dungeon Crawl Stone Soup version 0.19-a0-1672-g679cadd (webtiles) character file.

135 Ijustatesigmund the Magician (level 4, -12/24 HPs)
             Began as a Deep Elf Wizard on Sept 22, 2016.
             Killed by nerve-wracking pain
             ... invoked by an orc priest
              (13 damage)
             ... on level 3 of the Dungeon.
             The game lasted 00:14:39 (2557 turns).

Ijustatesigmund the Magician (Deep Elf Wizard)      Turns: 2557, Time: 00:14:42

Health: -12/24     AC:  2    Str:  4    XL:     4   Next: 97%
Magic:  0/12       EV: 13    Int: 24    God:
Gold:   197        SH:  0    Dex: 13    Spells: 5 memorised, 0 levels left

rFire  . . .     SeeInvis .     p - +1 rapier
rCold  . . .     Gourm    .     a - +0 robe
rNeg   . . .     Faith    .     (no shield)
rPois  .         Spirit   .     b - +0 hat
rElec  .         Dismiss  .     (no cloak)
rCorr  .         Reflect  .     (no gloves)
MR     .....     Harm     .     (no boots)
Stlth  ++........               (no amulet)
                                (no ring)
                                (no ring)

@: repel missiles
A: no striking features
a: no special abilities


You were on level 3 of the Dungeon.
You were not hungry.

You visited 1 branch of the dungeon, and saw 3 of its levels.

You collected 197 gold pieces.

Inventory:

Hand Weapons
 p - a +1 rapier (weapon)
 q - a +0 blowgun
Missiles
 r - 6 curare-tipped needles
Armour
 a - a +0 robe (worn)
 b - a +0 hat (worn)
Jewellery
 l - an uncursed ring of ice {unknown}
Wands
 t - a wand of slowing (19/48)
Scrolls
 j - 3 scrolls of remove curse
 s - a scroll of teleportation
Potions
 e - 2 potions of berserk rage
 f - 3 potions of heal wounds
 g - a potion of brilliance
 h - 2 potions of might
 i - a potion of lignification {unknown}
 k - a potion of mutation
 m - a potion of resistance {unknown}
Books
 c - a book of Minor Magic

   Spells                             Type                      Level
   a - Magic Dart                     Conjuration                  1
   b - Blink                          Translocation                2
   c - Call Imp                       Summoning                    2
   d - Repel Missiles                 Charms/Air                   2
   e - Slow                           Hexes                        2
   f - Conjure Flame                  Conjuration/Fire             3
   g - Mephitic Cloud                 Conjuration/Poison/Air       3
Comestibles
 d - 3 bread rations
 n - 2 meat rations
 o - 2 beef jerkies


   Skills:
 - Level 2.4 Dodging
 - Level 2.4 Stealth
 - Level 4.4 Spellcasting
 + Level 3.8 Conjurations
   Level 1.1 Summonings
 - Level 3.0 Translocations
 + Level 0.4 Fire Magic
 - Level 1.0 Air Magic
 - Level 1.0 Poison Magic


You couldn't memorise any spells.
You knew the following spells:

 Your Spells              Type           Power        Failure   Level  Hunger
a - Magic Dart            Conj           ###.         1%          1    None
b - Blink                 Tloc           N/A          4%          2    None
c - Repel Missiles        Chrm/Air       #.....       12%         2    None
d - Mephitic Cloud        Conj/Pois/Air  ##......     14%         3    ##.....
e - Conjure Flame         Conj/Fire      ###.....     14%         3    ##.....


Dungeon Overview and Level Annotations

Branches:
Dungeon (3/15)

Altars:
Sif Muna


Message History

Press: ? - help, Shift-Dir - straight line, f/p - orc priest
Aim: an orc priest, wielding a short sword and wearing a leather armour (lightly wounded)
The magic dart hits the orc priest.
The orc priest is moderately wounded.
The hobgoblin hits you.
* * * LOW HITPOINT WARNING * * *
The orc priest hits you with a short sword.
* * * LOW HITPOINT WARNING * * *
Casting: Magic Dart
Confirm with . or Enter, or press ? or * to list all spells.
Aiming: Magic Dart
Press: ? - help, Shift-Dir - straight line, f/p - orc priest
Aim: an orc priest, wielding a short sword and wearing a leather armour (moderately wounded)
The magic dart hits the orc priest.
The orc priest is severely wounded.
The hobgoblin misses you.
The orc priest invokes the aid of Beogh against you.
Pain shoots through your body!
Ouch! That really hurt!
You die...

...## . #≈≈≈≈≈≈≈######) .....
..#!..... #≈≈...≈≈##..##.
...#.##..# .....
#≈≈._...'...##) ##....... ....
#≈≈...≈≈##..... ##.#..#.. ..)
#≈≈≈≈≈≈≈##..##. .. #....###
.)####≈≈≈≈≈###..##. .#
#..#...#####....########...##.
.# ##.#.#......gol># ######.
.###.......#####@..## #.
...†................# ##
.###..##..#########....# .#
#>####.# .... .# #.# #.# ...
## ## #.# #.# .. #. #.# ..# #
#. #.# #.# #. .# #.# #.


You could see an orc priest, a hobgoblin and a frilled lizard.

Vanquished Creatures
  5 adders
  2 oozes
  A worm (D:2)
  A dart slug (D:2)
  4 leopard geckos
  4 orcs (D:3)
  7 bats
  7 giant cockroaches
  7 goblins
  3 hobgoblins
  8 jackals
  A quokka (D:3)
  A ball python (D:1)
  6 frilled lizards
  5 kobolds
  3 rats
65 creatures vanquished.

Notes
Turn   | Place    | Note
-------+----------+-------------------------------------------
     0 | D:1      | Ijustatesigmund the Deep Elf Wizard began the quest for the Orb.
     0 | D:1      | Reached XP level 1. HP: 10/10 MP: 7/7
   404 | D:1      | Reached XP level 2. HP: 15/15 MP: 5/9
   408 | D:1      | Learned a level 2 spell: Blink
   411 | D:1      | Learned a level 2 spell: Repel Missiles
  1025 | D:2      | Reached XP level 3. HP: 19/19 MP: 2/10
  1392 | D:2      | Reached XP level 4. HP: 24/24 MP: 7/12
  1530 | D:2      | Learned a level 3 spell: Mephitic Cloud
  1534 | D:2      | Learned a level 3 spell: Conjure Flame
  1969 | D:3      | Found a deep blue altar of Sif Muna.
  2164 | D:3      | Reached skill level 1 in Poison Magic
  2229 | D:3      | Reached skill level 1 in Air Magic
  2556 | D:3      | HP: 1/24 [orc priest/short sword (2)]
  2557 | D:3      | Killed from afar by an orc priest

Vault maps used:
D:1:      dpeg_arrival_simpleton_c
D:3:      gammafunk_temple_overflow_elements, kennysheep_nub,
          minmay_tree_intersection, led_sif_pool

Skill      XL: |  1  2  3  4 |
---------------+-------------+-----
Conjurations   | 2 3 |  3.8
Translocations | 2 3 |  3.0
Poison Magic   | 1 |  1.0
Air Magic      | 1 |  1.0
Dodging        | |  2.4
Stealth        | |  2.4
Spellcasting   | |  4.4
Summonings     | |  1.1
Fire Magic     | |  0.4

Action                   |  1- 3 |  4- 6 || total
-------------------------+-------+-------++-------
Melee: Whip              |     2 |       ||     2
       Dagger            |     8 |    12 ||    20
       Rapier            |       |     1 ||     1
 Cast: Magic Dart        |    69 |    81 ||   150
       Repel Missiles    |     1 |       ||     1
  Use: Scroll            |    10 |     2 ||    12
  Eat: Chunk             |     1 |     4 ||     5
Armor: Robe              |    10 |     3 ||    13
Dodge: Dodged            |    36 |    14 ||    50
